 Dungeon Crawl Stone Soup version 0.29-a0-775-g4d7333d4e2 (webtiles) character file.

Game seed: 10184929657778730890

324 Anon1729 the Charlatan (level 6, -6/36 HPs)
             Began as a Kobold Artificer on July 1, 2022.
             Mangled by a mummy (12 damage)
             ... in an ossuary.
             The game lasted 00:08:18 (7839 turns).

Anon1729 the Charlatan (Kobold Artificer)           Turns: 7839, Time: 00:08:18

Health: -6/36      AC:  4    Str: 11    XL:     6   Next: 77%
Magic:  6/6        EV: 15    Int: 13    God:
Gold:   244        SH:  0    Dex: 15    Spells: 5/5 levels left

rFire   . . .      SeeInvis .   a - +0 quarterstaff
rCold   . . .      Faith    .   (shield currently unavailable)
rNeg    . . .      Spirit   .   b - +0 leather armour
rPois   .          Reflect  .   (no helmet)
rElec   .          Harm     .   (no cloak)
rCorr   .          Rampage  .   r - +0 pair of gloves
Will    .....                   (no boots)
Stlth   +++.......              (no amulet)
HPRegen 0.12/turn               (no ring)
MPRegen 0.10/turn               (no ring)

@: marked
A: small, no large weapons, nightstalker 3
a: no special abilities


You were in an ossuary.
You visited 1 branch of the dungeon, and saw 5 of its levels.
You also visited: Ossuary.

You collected 244 gold pieces.

Inventory:

Hand Weapons
 a - a +0 quarterstaff (weapon)
Missiles
 u - a throwing net
Armour
 b - a +0 leather armour (worn)
 r - a +0 pair of gloves (worn)
Wands
 c - a wand of flame (33) (quivered)
 d - a wand of charming (11)
 e - a wand of iceblast (7)
 t - a wand of digging (5)
Scrolls
 f - 2 scrolls of poison
 g - a scroll of fear {unknown}
 i - a scroll of amnesia
 j - a scroll of teleportation {unknown}
 k - 2 scrolls of magic mapping
 l - 3 scrolls of immolation {unknown}
 o - 2 scrolls of identify {unknown}
 p - a scroll of acquirement {unknown}
 s - a scroll of blinking {unknown}
Potions
 h - a potion of heal wounds {unknown}
 m - a potion of berserk rage
 q - a potion of degeneration {unknown}


   Skills:
 + Level 2.8 Fighting
 + Level 2.0 Staves
 + Level 2.1 Armour
 + Level 3.9 Dodging
 + Level 3.9 Stealth
 + Level 4.8 Evocations


You had 5 spell levels left.
You didn't know any spells.
Your spell library contained the following spells:

 Spells                   Type           Power      Damage    Failure   Level
 Freeze                   Ice            0%         1d3       38%         1
 Slow                     Hex            0%         N/A       38%         1
 Confusing Touch          Hex            0%         N/A       77%         3
 Frozen Ramparts          Ice            0%         1d2       77%         3
 Vampiric Draining        Necr           0%         2d6       77%         3
 Hailstorm                Conj/Ice       0%         3d3       99%         4


Dungeon Overview and Level Annotations

Branches:
Dungeon (5/15)            Ossuary (1/1)
 Temple: D:4-7

Altars:
Dithmenos
Elyvilon
Nemelex Xobeh
Okawaru
Qazlal
Wu Jian
Beogh

Shops:
D:2 :

Annotations:
D:2 Terence
D:4 3 runed translucent doors, NigelTetley's ghost, weakling OpTm
D:5 exclusion: black bear


Innate Abilities, Weirdness & Mutations

You are small and have problems with some larger weapons.
You are completely attuned to the shadows.


Message History

The mummy is severely damaged.
The hobgoblin zombie hits you but does no damage.
You closely miss the mummy.
The mummy is severely damaged.
The mummy hits you!
* * * LOW HITPOINT WARNING * * *
The hobgoblin zombie misses you.
It was a potion of ambrosia.
You are confused.
You feel invigorated. The mummy closely misses you.
The hobgoblin zombie barely misses you.
You hit the hobgoblin zombie.
The hobgoblin zombie is severely damaged.
The hobgoblin zombie barely misses you.
You hit the mummy.
The mummy is almost destroyed.
The mummy closely misses you.
You hit the mummy.
You destroy the mummy!
The jackal zombie misses you.
Your Staves skill increases to level 2!
You barely miss the mummy.
You feel less invigorated.
You feel less confused. The jackal zombie misses you.
The mummy closely misses you.
You hit the mummy.
The mummy is lightly damaged.
The jackal zombie misses you. The jackal zombie closely misses you.
You hit the mummy.
The mummy is heavily damaged.
The mummy hits you! The jackal zombie bites you.
You hit the mummy.
The mummy is severely damaged.
The jackal zombie misses you. The mummy hits you!
* * * LOW HITPOINT WARNING * * *
You hit the mummy.
The mummy is severely damaged.
The jackal zombie closely misses you.
The jackal zombie bites you but does no damage.
The mummy hits you!
You die...

######################
#....................#
#....................#
#........8..8........#
#....................#
#...######.@######...#
#...# #MZ# #...# #...#
#ZZ# #...# #...# #ZZ#
#...# #...# ...ZZZ
#...# #...# ###.....
#...# #...# #.....
#...# #...# #...#
#...# #...#


You could see a mummy, an adder zombie, 2 jackal zombies, a hobgoblin zombie, 2
kobold zombies and a human zombie.

Vanquished Creatures
  A scorpion (D:4)
  A necrophage (D:3)
  An orc priest (D:4)
  A mummy (Ossuary)
  3 adders
  An adder zombie (Ossuary)
  2 worms
  3 dart slugs
  11 orcs
  5 ball pythons
  3 bats (D:1)
  8 endoplasms
  5 giant cockroaches
  6 goblins
  13 hobgoblins
  8 kobolds
  4 quokkas
  4 frilled lizards
  5 hobgoblin zombies (Ossuary)
  10 kobold zombies (Ossuary)
  8 orc zombies (Ossuary)
  5 rats
108 creatures vanquished.

Vanquished Creatures (collateral kills)
  A quokka (D:4)
1 creature vanquished.

Grand Total: 109 creatures vanquished

Notes
Turn   | Place    | Note
-------+----------+-------------------------------------------
     0 | D:1      | Anon1729 the Kobold Artificer began the quest for the Orb.
     0 | D:1      | Reached XP level 1. HP: 12/12 MP: 1/1
   333 | D:1      | Reached XP level 2. HP: 12/16 MP: 2/2
   400 | D:1      | Found a faded altar of an unknown god.
   528 | D:1      | Reached skill level 1 in Armour
  1451 | D:1      | Reached XP level 3. HP: 8/20 MP: 3/3
  1901 | D:1      | Reached skill level 4 in Evocations
  2789 | D:2      | Reached XP level 4. HP: 19/26 MP: 4/4
  3305 | D:2      | Found Imaod's Book Emporium.
  3318 | D:2      | Noticed Terence
  3940 | D:3      | Found an ornate altar of the Wu Jian Council.
  4113 | D:3      | Found a shadowy altar of Dithmenos.
  4379 | D:3      | Reached skill level 1 in Staves
  5173 | D:3      | Reached XP level 5. HP: 29/30 MP: 5/5
  5282 | D:3      | Found an iron altar of Okawaru.
  6059 | D:4      | Found a white marble altar of Elyvilon.
  6126 | D:4      | Reached XP level 6. HP: 17/36 MP: 6/6
  6340 | D:4      | Found a sparkling altar of Nemelex Xobeh.
  6442 | D:4      | Found a stormy altar of Qazlal.
  6544 | D:4      | Found a runed translucent gate.
  6545 | D:4      | Found a runed translucent gate.
  6546 | D:4      | Found a runed translucent gate.
  6546 | D:4      | Noticed NigelTetley's ghost (weakling OpTm)
  7592 | D:5      | Entered Level 5 of the Dungeon
  7592 | D:5      | Noticed a black bear
  7661 | D:5      | Found a sand-covered staircase.
  7666 | Ossuary  | Entered an ossuary
  7839 | Ossuary  | Mangled by a mummy

Illustrated notes

Levels and vault maps discovered:
D:1:      scummos_arrival_checkerplants, layout_basic,
          chequers_ecumenical_altar_twisty, st_stairs_10
D:2:      layout_basic, serial_shops, shop, uniq_terence
D:3:      layout_loops_ring, nzn_wu_jian_contemplation, grunt_dithmenos_smoke,
          marbit_many_paths, minmay_misc_feat_tiny
D:4:      layout_cave_pods, nicolae_elyvilon_temple_path,
          mainiacjoe_overflow_catch_the_wave, gammafunk_ghost_split,
          st_stairs_5, kennysheep_orc_chapel
D:5:      layout_basic, mainiacjoe_overflow_alcove_1, enter_ossuary_5,
          uniq_edmund
Ossuary:  ossuary_tomb_1

Skill      XL: |  1  2  3  4  5  6 |
---------------+-------------------+-----
Armour         | 1 2 |  2.1
Stealth        | 2 3 |  3.9
Evocations     | 4 |  4.8
Fighting       | 2 |  2.8
Dodging        | 3 |  3.9
Staves         | 1 2 |  2.0

Action                   |  1- 3 |  4- 6 || total
-------------------------+-------+-------++-------
Melee: Club              |   192 |    78 ||   270
       Punch             |     1 |       ||     1
       Quarterstaff      |       |   166 ||   166
Evoke: Wand              |     2 |     9 ||    11
  Use: Potion            |       |     3 ||     3
       Scroll            |       |     3 ||     3
 Stab: Sleeping          |    13 |    13 ||    26
Armor: Leather armour    |    46 |    42 ||    88
Dodge: Dodged            |   144 |   200 ||   344

Table legend: (Time is in decaauts)
 A = Elapsed time spent in this place.
 B = Non-inter-level travel time spent in this place.
 C = Inter-level travel time spent in this place.
 D = Time resting spent in this place.
 E = Time spent auto-exploring this place.
 F = Levels seen in this place.
 G = Mean time per level.
                   A        B        C        D        E       F      G
               +--------+--------+--------+--------+--------+-----+--------+
         Total |   7965 |   7791 |    174 |   1701 |   4984 |   6 | 1327.5 |
       Dungeon |   7777 |   7603 |    174 |   1701 |   4946 |   5 | 1555.4 |
       Ossuary |    188 |    188 |      0 |      0 |     38 |   1 |  188.0 |
               +--------+--------+--------+--------+--------+-----+--------+

Top non-repeatable levels by time:
     D:1: 2837 daAuts
     D:4: 2000 daAuts
     D:3: 1748 daAuts
     D:2: 1178 daAuts
 Ossuary: 188 daAuts
     D:5: 11 daAuts
